 Dungeon Crawl Stone Soup version 0.26.0-18-gc5c842f807 (webtiles) character file.

Game seed: 3522910007197037077

114 kaeus the Firebug (level 4, -7/24 HPs)
             Began as a Gargoyle Fire Elementalist on Jan 23, 2021.
             Was an Initiate of the Shining One.
             Killed by divine providence
             ... invoked by an orc priest
              (14 damage)
             ... on level 2 of the Dungeon.
             The game lasted 00:02:28 (2972 turns).

kaeus the Firebug (Gargoyle Fire Elementalist)      Turns: 2972, Time: 00:02:29

Health: -7/24      AC:  7    Str: 11    XL:     4   Next: 97%
Magic:  3/7        EV: 12    Int: 17    God:    the Shining One [......]
Gold:   140        SH:  0    Dex: 10    Spells: 7/8 levels left

rFire    . . .     SeeInvis .   q - +0 short sword
rCold    . . .     Faith    .   (no shield)
rNeg     + . .     Spirit   .   a - +0 robe
rPois    ∞         Reflect  .   (no helmet)
rElec    +         Harm     .   (no cloak)
rCorr    .         Rampage  .   g - +1 pair of gloves
Will     .....                  (no boots)
Stlth    +.........             (no amulet)
HPRegen  0.08/turn              (no ring)
MPRegen  0.10/turn              (no ring)

@: glowing
A: negative energy resistance 1, electricity resistance, unbreathing,
petrification resistance, miasma immunity, AC +3
a: Renounce Religion


You were on level 2 of the Dungeon.
You worshipped the Shining One.
The Shining One was noncommittal.
You visited 1 branch of the dungeon, and saw 3 of its levels.

You collected 140 gold pieces.

Inventory:

Hand Weapons
 q - a +0 short sword (weapon)
Armour
 a - a +0 robe (worn)
 g - a +1 pair of gloves (worn)
Jewellery
 k - a +6 ring of dexterity {unknown}
Wands
 m - a wand of random effects (13)
Scrolls
 e - 2 scrolls of identify {unknown}
 h - a scroll of teleportation {unknown}
 i - a scroll of enchant weapon {unknown}
 j - a scroll of magic mapping {unknown}
 n - a scroll of fear {unknown}
 o - a scroll of noise {unknown}
Potions
 b - 3 potions of flight {unknown}
 c - a potion of haste {unknown}
 d - a potion of heal wounds {unknown}
 l - a potion of berserk rage {unknown}
 p - a potion of experience {unknown}


   Skills:
 - Level 1.5 Dodging
 - Level 2.1 Stealth
 + Level 2.6 Spellcasting
 * Level 3.2 Conjurations
 * Level 4.1 Fire Magic


You had 7 spell levels left.
You knew the following spells:

 Your Spells              Type           Power        Failure   Level
a - Foxfire               Conj/Fire      56%          4%          1

Your spell library contained the following spells:

 Spells                   Type           Power        Failure   Level
 Conjure Flame            Conj/Fire      14%          12%         3
 Inner Flame              Hex/Fire       9%           24%         3
 Sticky Flame             Conj/Fire      14%          36%         4
 Fireball                 Conj/Fire      7%           73%         5


Dungeon Overview and Level Annotations

Branches:
Dungeon (3/15)

Altars:
Ashenzari
The Shining One


Innate Abilities, Weirdness & Mutations

You are resistant to torment.
Your stone body is resilient. (AC +3)
You are immune to poison.
You resist negative energy. (rN+)
You are resistant to electric shocks. (rElec)
You can survive without breathing.
You are immune to petrification.
You are immune to miasma.


Message History

An orc priest comes into view. It is wielding a +0 club.
An orc priest is nearby!
There is a stone staircase leading up here.
The orc priest miscasts a cantrip.
You climb upwards.
There is a stone staircase leading down here.
Casting: Foxfire (safe; 4% risk of failure)
Confirm with . or Enter, or press ? or * to list all spells.
You conjure some foxfire!
The orc priest misses you.
You now have 3/7 mp.
You hit the orc priest.
The orc priest is moderately wounded.
The foxfire hits the orc priest but does no damage.
The orc priest is moderately wounded.
The foxfire hits the orc priest but does no damage.
The orc priest is moderately wounded.
The orc priest invokes the aid of Beogh against you.
Beogh smites you!
Ouch! That really hurt!
You die...

#..<....'........#.#.#.....#.#..#
........####.#.#.#.#.#..#..#.#..#
...............#.#.#.#.....#.#..#
...............#.#.#.##.##.#.#..#
...#####.......#.#.#............#
...#####.......#.#.#.#.....#.##.#
...##............#.#########.#..#
#####.........#.o#..............#
#.........#.@######....#.#..#
#......#...§......'....<.#..#
#......############....#.#..#
#......# #....#.#..# #####.##
#....#.#### #.# ######.# # #.#
#.# #####.# #.# #.....#
#########.#


You could see an orc priest.

Vanquished Creatures
  An orc priest (D:3)
  5 adders (D:2)
  3 worms (D:2)
  2 dart slugs (D:1)
  2 giant cockroaches
  5 goblins
  3 hobgoblins
  A ball python (D:2)
  4 frilled lizards
  A giant cockroach zombie (D:2)
  A kobold (D:1)
  3 rats
31 creatures vanquished.

Vanquished Creatures (others)
  137 foxfires
137 creatures vanquished.

Grand Total: 168 creatures vanquished

Notes
Turn   | Place    | Note
-------+----------+-------------------------------------------
     0 | D:1      | kaeus the Gargoyle Fire Elementalist began the quest for
                  | the Orb.
     0 | D:1      | Reached XP level 1. HP: 10/10 MP: 3/3
   281 | D:1      | Reached XP level 2. HP: 15/15 MP: 0/5
  1046 | D:2      | Reached XP level 3. HP: 15/19 MP: 3/6
  1322 | D:2      | Found a broken altar of Ashenzari.
  1829 | D:2      | Found a glowing golden altar of the Shining One.
  1834 | D:2      | Became a worshipper of the Shining One
  1958 | D:2      | Reached XP level 4. HP: 21/24 MP: 2/7
  2963 | D:3      | Reached skill level 4 in Fire Magic
  2972 | D:2      | Killed from afar by an orc priest

Illustrated notes

Levels and vault maps discovered:
D:1:      dpeg_arrival_tiny_a, layout_basic, lemuel_another_geyser
D:2:      layout_basic, nicolae_tso_swordbearing_angel, chequers_garden,
          evilmike_ruin_ashenzari
D:3:      layout_loops_cross, zin_statuary

Skill      XL: |  1  2  3  4 |
---------------+-------------+-----
Conjurations   | 2 3 |  3.2
Fire Magic     | 4 |  4.1
Dodging        | |  1.5
Stealth        | |  2.1
Spellcasting   | |  2.6

Action                   |  1- 3 |  4- 6 || total
-------------------------+-------+-------++-------
Melee: Unarmed           |    15 |       ||    15
       Club              |    57 |     6 ||    63
       Short sword       |       |     5 ||     5
 Cast: Foxfire           |    66 |    21 ||    87
Armor: Robe              |    17 |     3 ||    20
Dodge: Dodged            |    52 |     5 ||    57
